cohdb
Replays
Latest Replays
All Replays
Popular Replays
Top Player Replays
Match Explorer
How It Works
Community
CoH3 Stats
Reddit
Sign in to upload your games and track your stats! →
Sign in with Steam
Match 45873917
Unlisted
Match 45873917
Overview
Messages
Build Orders
End
Construct Infanterie Kompanie
Grenadier Squad
Grenadier Squad
Grenadier Squad
Selects Luftwaffe Battlegroup
Selects Luftwaffe Pioneer Support
Grenadier Squad
Infanterie Officer Quarters
Construct Panzergrenadier Kompanie
Selects Stuka Strafing Run
Pak 40 Anti-tank Gun Team
Panzergrenadier Squad
Grenadier Squad
Stuka Strafing Run
Construct Panzer Kompanie
Stuka Strafing Run
Sturmpanzer IV Brummbär
Selects Fallschirmjäger Squad Paradrop
Stuka Strafing Run
Stoßtruppen Squad
Stuka Strafing Run
Selects Stuka Loiter
Sturmpanzer IV Brummbär
Side Skirts
Stuka Loiter
Pak 40 Anti-tank Gun Team
Stuka Strafing Run
Panzer IV Medium Tank
Panzer IV Medium Tank
Stuka Loiter
Stuka Strafing Run
东京七姐妹的Live看的很开心
CNigel
Happy Se Hyeon
Jojo
Jm200092
BERKSHIRE10
iiruoz
leake82
0
0
Comments
sign in to comment!
No comments posted yet!